 Dungeon Crawl Stone Soup version 0.25-a0-583-g696c2ac64d (webtiles) character file.

Game seed: 15476450246606701073, levelgen mode: deterministic

1270 KiliKikkendorf the Firebug (level 8, -1/67 HPs)
             Began as a Hill Orc Fire Elementalist on Mar 7, 2020.
             Slain by Pikel
             ... wielding a +1 whip of freezing
              (9 damage)
             ... on level 6 of the Dungeon on Mar 8, 2020.
             The game lasted 01:05:09 (8121 turns).

KiliKikkendorf the Firebug (HOFE)                   Turns: 8121, Time: 01:05:09

Health: -1/67      AC:  2    Str: 12    XL:     8   Next: 53%
Magic:  5/12       EV: 13    Int: 16    God:
Gold:   160        SH:  0    Dex: 11    Spells: 1/12 levels left

rFire    + . .     SeeInvis .   m - +4 rapier of the Heavens {flame, rF+ MR+}
rCold    . . .     Gourm    .   (no shield)
rNeg     . . .     Faith    .   a - +0 robe
rPois    .         Spirit   .   (no helmet)
rElec    .         Reflect  .   (no cloak)
rCorr    +         Harm     .   (no gloves)
MR       +....                  (no boots)
Stlth    +++.......             (no amulet)
HPRegen  0.21/turn              e - ring of stealth
MPRegen  0.13/turn              h - ring of resist corrosion

@: very slightly contaminated
A: no striking features
a: no special abilities


You were on level 6 of the Dungeon.
You were hungry.

You visited 1 branch of the dungeon, and saw 6 of its levels.

You collected 160 gold pieces.

Inventory:

Hand Weapons
 b - a +0 mace of holy wrath
 m - the +4 rapier of the Heavens (weapon) {flame, rF+ MR+}
   (You found it on level 4 of the Dungeon)

   It has been specially enchanted to burn those struck by it, causing extra
   injury to most foes and up to half again as much damage against particularly
   susceptible opponents.
   It protects you from fire.
   It affects your resistance to hostile enchantments.
Missiles
 n - 2 javelins (quivered)
Armour
 a - a +0 robe (worn)
 f - a +1 kite shield of reflection
 k - a +1 scale mail of fire resistance
Jewellery
 e - a ring of stealth (left hand)
 h - a ring of resist corrosion (right hand)
 l - an uncursed ring of protection from cold
Wands
 q - a wand of polymorph (6)
Scrolls
 d - 2 scrolls of identify
 g - a scroll of amnesia
 i - 2 scrolls of remove curse
 j - a scroll of noise
Potions
 o - 2 potions of curing
 p - a potion of magic {unknown}


   Skills:
 * Level 4.6 Fighting
 * Level 3.1 Short Blades
 - Level 2.2 Maces & Flails
 + Level 3.2 Dodging
 + Level 3.3 Stealth
 + Level 2.8 Spellcasting
 * Level 4.0 Conjurations
 * Level 5.5 Fire Magic


You had one spell level left.
You knew the following spells:

 Your Spells              Type           Power        Failure   Level  Hunger
a - Foxfire               Conj/Fire      ###.         2%          1    #......
b - Inner Flame           Hex/Fire       ##......     19%         3    ###....
c - Sticky Flame          Conj/Fire      ###.....     26%         4    #####..
d - Conjure Flame         Conj/Fire      ###.....     8%          3    ###....

Your spell library contained the following spells:

 Spells                   Type           Power        Failure   Level  Hunger
 Fireball                 Conj/Fire      ###.......   58%         5    ######.


Dungeon Overview and Level Annotations

Branches:
Dungeon (6/15)
 Temple: D:4-7

Altars:
Gozag
Hepliaklqana
Qazlal
Ru
Zin

Annotations:
D:6 Pikel


Message History

Pikel hits you with a +1 whip of freezing.
* * * LOW HITPOINT WARNING * * *
Pikel freezes you.
* * * LOW HITPOINT WARNING * * *
Okay, then.
Pikel closely misses you. Pikel misses you. Pikel misses you.
The slave's inner flame fades away.
Pikel barely misses you. Pikel closely misses you. Pikel misses you.
Pikel barely misses you.
Pikel hits you with a +1 whip of freezing!
* * * LOW HITPOINT WARNING * * *
Pikel freezes you.
* * * LOW HITPOINT WARNING * * *
Pikel closely misses you.
All of the chunks of flesh in your inventory have rotted away.
Pikel hits you with a +1 whip of freezing!
You die...

#.#.#
###.#'########
#............#
#.##.........#
#.........#
#...).....#
#.........#
#.........#
##@........#
#.K........#
#..........#
#p##########
#p########
#..p.p.p.#
########.# #.#
#p#


You could see Pikel and 2 slaves.

Vanquished Creatures
  Sigmund (D:4)
  Eustachio (D:5)
  2 steam dragons (D:6)
  A sky beast (D:5)
  A phantom (D:4)
  An ogre (D:4)
  A bullfrog zombie (D:5)
  2 hounds (D:4)
  Jessica (D:3)
  A centaur skeleton (D:4)
  An iguana (D:4)
  2 worker ants (D:5)
  A hound skeleton (D:5)
  A gnoll (D:1)
  13 adders
  An ooze (D:3)
  2 adder skeletons (D:4)
  3 worms
  A dart slug (D:2)
  5 leopard geckos
  7 orcs
  2 ball pythons
  10 bats
  3 giant cockroaches
  5 goblins
  4 hobgoblins
  4 jackals (D:6)
  7 kobolds
  3 quokkas
  5 frilled lizards
  3 rats
95 creatures vanquished.

Vanquished Creatures (others)
  182 foxfires
182 creatures vanquished.

Grand Total: 277 creatures vanquished

Notes
Turn   | Place    | Note
-------+----------+-------------------------------------------
     0 | D:1      | KiliKikkendorf the Hill Orc Fire Elementalist began the
                  | quest for the Orb.
     0 | D:1      | Reached XP level 1. HP: 14/14 MP: 3/3
    90 | D:1      | Reached XP level 2. HP: 4/22 MP: 0/4
   553 | D:1      | Reached skill level 1 in Fighting
  1054 | D:1      | Reached XP level 3. HP: 28/28 MP: 2/5
  1563 | D:2      | Reached skill level 1 in Maces & Flails
  1581 | D:2      | Reached XP level 4. HP: 3/35 MP: 1/6
  2843 | D:3      | Found a sacrificial altar of Ru.
  2851 | D:3      | Found an opulent altar of Gozag.
  2861 | D:3      | Upgraded the game from 0.25-a0-578-gc91f01c39c to
                  | 0.25-a0-583-g696c2ac64d
  2956 | D:3      | Found a glowing silver altar of Zin.
  3012 | D:3      | Reached XP level 5. HP: 5/41 MP: 0/8
  3023 | D:3      | HP: 2/41 [poisoned by an adder]
  3331 | D:3      | Learned a level 3 spell: Inner Flame
  3466 | D:3      | Noticed Jessica
  3476 | D:3      | Killed Jessica
  4671 | D:4      | Reached skill level 4 in Fire Magic
  4741 | D:4      | Reached XP level 6. HP: 43/49 MP: 0/9
  4755 | D:4      | Learned a level 4 spell: Sticky Flame
  5099 | D:4      | Got an ancient rapier
  5109 | D:4      | Identified the +4 rapier of the Heavens {flame, rF+ MR+}
                  | (You found it on level 4 of the Dungeon)
  5574 | D:5      | Entered Level 5 of the Dungeon
  5582 | D:5      | Noticed Sigmund
  5670 | D:5      | Noticed a phantom
  5970 | D:4      | Killed a phantom
  6463 | D:4      | Killed Sigmund
  6463 | D:4      | Reached skill level 1 in Short Blades
  6463 | D:4      | Reached XP level 7. HP: 37/57 MP: 10/10
  6765 | D:5      | Found a stormy altar of Qazlal.
  6816 | D:5      | Noticed Eustachio
  7031 | D:5      | Found a hazy altar of Hepliaklqana.
  7174 | D:5      | Killed Eustachio
  7174 | D:5      | Reached skill level 5 in Fire Magic
  7174 | D:5      | Reached XP level 8. HP: 55/66 MP: 0/11
  7371 | D:5      | Learned a level 3 spell: Conjure Flame
  8083 | D:6      | Noticed Pikel
  8121 | D:6      | Slain by Pikel

Levels and vault maps discovered:
D:1:      minmay_arrival_doors, layout_basic
D:2:      layout_basic, first_ration
D:3:      layout_basic, lemuel_crystal_altar, grunt_temple_overflow_open,
          uniq_jessica
D:4:      layout_basic
D:5:      layout_rooms, lemuel_crystal_altar, nicolae_overflow_crystal_walls,
          uniq_eustachio, uniq_sigmund
D:6:      kennysheep_steamy, layout_basic, lemuel_crystal_altar,
          minmay_temple_entry_glassed_door, uniq_pikel

Skill      XL: |  1  2  3  4  5  6  7  8 |
---------------+-------------------------+-----
Fighting       | 1 2 3 4 |  4.6
Maces & Flails | 1 2 |  2.2
Stealth        | 2 3 |  3.3
Dodging        | 2 3 |  3.2
Spellcasting   | 2 |  2.8
Conjurations   | 2 3 4 |  4.0
Fire Magic     | 4 5 |  5.5
Short Blades   | 1 2 3 |  3.1

Action                   |  1- 3 |  4- 6 |  7- 9 || total
-------------------------+-------+-------+-------++-------
Melee: Mace              |    34 |    88 |       ||   122
       Rapier            |       |    19 |    66 ||    85
Throw: Javelin           |       |     9 |    10 ||    19
 Cast: Foxfire           |    45 |    96 |    25 ||   166
       Inner Flame       |       |    12 |     8 ||    20
       Sticky Flame      |       |       |     4 ||     4
       Conjure Flame     |       |       |     4 ||     4
  Use: Scroll            |     4 |     5 |     1 ||    10
       Potion            |       |     4 |       ||     4
 Stab: Sleeping          |       |     2 |     1 ||     3
  Eat: Chunk             |     2 |     4 |       ||     6
       Ration            |     1 |     4 |     2 ||     7
Armor: Robe              |     9 |    27 |    20 ||    56
       Scale mail        |       |     3 |       ||     3
Dodge: Dodged            |    45 |   108 |   103 ||   256
Block: Kite shield       |       |    14 |       ||    14

Table legend:
 A = Non-vault XP
 B = Vault XP
 C = Vault XP percentage of total XP
 D = Non-vault monster count
 E = Vault monster count
 F = Vault count percentage of total count
                 A         B        C        D         E       F
            +---------+---------+-------+---------+---------+-------
      Total |     995 |     820 |  45.2 |      90 |       5 |   5.3
            +---------+---------+-------+---------+---------+-------
        D:1 |      51 |       0 |   0.0 |      18 |       0 |   0.0
        D:2 |      76 |       0 |   0.0 |      14 |       0 |   0.0
        D:3 |      86 |      37 |  30.1 |      22 |       1 |   4.3
        D:4 |     446 |     223 |  33.3 |      21 |       1 |   4.5
        D:5 |     315 |     196 |  38.4 |      10 |       1 |   9.1
        D:6 |      21 |     364 |  94.5 |       5 |       2 |  28.6
            +---------+---------+-------+---------+---------+-------
